AoeStats
← Minerva

MegaRandom

506736873Analyzed
1v1 RM · 19d ago on Sep 14, 2026· 42m 27s· 2 players
Game mode
Random Map
Map size
Tiny (2 player)
Population
200
Speed
Normal
Resources
Standard
Victory
Conquest
Starting age
Dark Age
Ending age
Imperial Age
RankedLock teamsTeams togetherTeam positionsShared explorationLock speedFull tech treeHidden civsTurbo modeCheats
Victory
Defeat
🇨🇦 Chinese · Canada
648
+15
🇺🇸 Romans · United States
626
-15
SWITCHBLADE VO
6:12 Loom
10:13 Feudal Age
10:54 Double-Bit Axe
10:58 Horse Collar
20:15 Castle Age
18:00 Man-at-Arms
19:40 Scale Mail Armor
19:55 Forging
20:48 Bloodlines
21:10 Heavy Plow
21:27 Long Swordsman
22:31 Fishing Lines
24:12 Squires
24:44 Bow Saw
27:06 Wheelbarrow
26:30 Murder Holes
28:55 Husbandry
28:19 Pikeman
34:13 Imperial Age
32:44 Ballistics
32:49 Scale Barding Armor
33:01 Chain Mail Armor
34:31 Ballistas
34:34 Gold Mining
35:58 Iron Casting
36:15 Legionary
Minerva
12:28 Feudal Age
15:01 Double-Bit Axe
20:27 Castle Age
21:19 Thumb Ring
20:40 Crossbowman
21:57 Bow Saw
22:36 Stone Mining
22:37 Gold Mining
22:59 Horse Collar
26:43 Heavy Plow
26:51 Squires
26:48 Fletching
26:59 Padded Archer Armor
29:49 Bodkin Arrow
30:10 Leather Archer Armor
34:26 Imperial Age
31:45 Town Watch
32:40 Wheelbarrow
32:50 Ballistics
32:44 Masonry
33:15 Forging
33:05 Scale Mail Armor
35:47 Rocketry
37:13 Chemistry
37:21 Two-Man Saw
37:03 Bracer
37:43 Pikeman
37:55 Elite Skirmisher
39:47 Hand Cart
39:34 Town Patrol
40:08 Ring Archer Armor
40:14 Iron Casting
39:55 Chain Mail Armor
41:52 Elite Chu Ko Nu
42:04 Elite Fire Lancer
Connection lost

Rejoining the realm…

Still unreachable

The connection could not be restored.

Session expired

The server has moved on; the page needs a fresh start.